 Dungeon Crawl Stone Soup version 0.28-a0-674-gdaf460b524 (webtiles) character file.

Game seed: 1685283406304839177

1199 andesha the Magician (level 8, 0/58 HPs)
             Began as a Black Draconian Air Elementalist on Oct 17, 2021.
             Was an Initiate of Vehumet.
             Slain by an orc warrior (8 damage)
             ... on level 6 of the Dungeon.
             The game lasted 00:29:11 (6710 turns).

andesha the Magician (DrAE)                         Turns: 6710, Time: 00:29:11

Health: 0/58       AC: 13    Str: 10    XL:     8   Next: 20%
Magic:  1/17       EV: 12    Int: 17    God:    Vehumet [......]
Gold:   338        SH:  0    Dex: 13    Spells: 12/19 levels left

rFire   . . .      SeeInvis .   s - +2 dagger (elec)
rCold   . . .      Faith    .   (no shield)
rNeg    . . .      Spirit   .   (armour unavailable)
rPois   +          Reflect  .   (helmet restricted)
rElec   +          Harm     .   h - +2 cloak
rCorr   .          Rampage  .   e - +2 pair of gloves
Will    .....                   q - +0 pair of boots
Stlth   ++........              (no amulet)
HPRegen 0.19/turn               j - ring of poison resistance
MPRegen 0.15/turn               (no ring)

@: brilliant, short of breath
A: breathe lightning, AC +6, unfitting armour, electricity resistance,
cold-blooded
a: Breathe Lightning, Renounce Religion


You were on level 6 of the Dungeon.
You worshipped Vehumet.
Vehumet was noncommittal.
You visited 2 branches of the dungeon, and saw 7 of its levels.

You collected 338 gold pieces.

Inventory:

Hand Weapons
 s - a +2 dagger of electrocution (weapon)
Armour
 e - a +2 pair of gloves (worn)
 h - a +2 cloak (worn)
 q - a +0 pair of boots (worn)
Jewellery
 j - a ring of poison resistance (left hand)
 k - a ring of protection from fire
 n - a +4 ring of protection
Wands
 a - a wand of flame (1)
 l - a wand of polymorph (9)
 o - a wand of mindburst (17)
Scrolls
 b - a scroll of noise {unknown}
 p - 3 scrolls of teleportation
Potions
 d - a potion of flight
 f - a potion of ambrosia {unknown}
 g - 2 potions of haste
 i - a potion of invisibility {unknown}
 m - a potion of lignification {unknown}
 r - 2 potions of heal wounds {unknown}


   Skills:
 + Level 0.4 Fighting
 + Level 1.6 Short Blades
 + Level 2.4 Dodging
 + Level 3.0 Stealth
 + Level 0.4 Unarmed Combat
 * Level 6.4 Spellcasting
 + Level 4.1 Conjurations
 + Level 6.2 Air Magic
 + Level 0.6 Evocations


You had 12 spell levels left.
You knew the following spells:

 Your Spells              Type           Power      Damage    Failure   Level
a - Shock                 Conj/Air       100%       1d9       1%          1
b - Static Discharge      Conj/Air       34%        N/A       2%          2
c - Airstrike             Air            19%        N/A       10%         4

Your spell library contained the following spells:

 Spells                   Type           Power      Damage    Failure   Level
 Swiftness                Air            39%        N/A       3%          3
 Ensorcelled Hibernation  Hex/Ice        16%        N/A       19%         2
 Tukima's Dance           Hex            8%         N/A       36%         3


Dungeon Overview and Level Annotations

Branches:
Dungeon (6/15)             Temple (1/1) D:5

Altars:
Elyvilon
Gozag
Kikubaaqudgha
Makhleb
Okawaru
Qazlal
Sif Muna
Uskayaw
Vehumet
Wu Jian
Xom
Yredelemnul
Zin

Shops:
D:3 [


Innate Abilities, Weirdness & Mutations

You can breathe wild blasts of lightning.
Your glossy black scales are hard. (AC +6)
You cannot fit into any form of body armour.
You are resistant to electric shocks. (rElec)
You are cold-blooded and may be slowed by cold attacks.


Message History

The orc wizard mumbles some strange words.
The orc wizard flickers and vanishes!
Deactivating autopickup; reactivate with Ctrl-A.
There is an open door here.
The orc warrior misses you.
The orc warrior hits you but does no damage.
Casting: Shock (safe; 1% risk of failure)
Confirm with . or Enter, or press ? or * to list all spells.
Aiming: Shock (safe; 1% risk of failure)
Press: ? - help, Shift-Dir - straight line, f - orc warrior
Aim: an orc warrior, wielding a +0 trident and wearing a +0 chain mail (heavily wounded, 71% to hit)
You feel a surge of power!
The zap hits the orc warrior.
The orc warrior is severely wounded.
The orc warrior hits you from afar with a +0 trident!
Casting: Shock (safe; 1% risk of failure)
Confirm with . or Enter, or press ? or * to list all spells.
You don't have enough magic to cast this spell.
Unknown command.
You breathe a wild blast of lightning!
The orc warrior hits you from afar with a +0 trident.
You closely miss something.
The orc warrior hits you from afar with a +0 trident!
Something hits you.
You miss something. You tail-slap something.
The orc warrior hits you but does no damage.
You hear some strange, mumbled words.
A magic dart appears from out of thin air!
The magic dart hits you but does no damage.
You hit something. Something hits you but does no damage.
The orc warrior hits you from afar with a +0 trident!
You barely miss something.
The orc warrior hits you from afar with a +0 trident!
* * * LOW HITPOINT WARNING * * *
The orc warrior hits you with a +0 trident.
* * * LOW HITPOINT WARNING * * *
Something hits you but does no damage.
You closely miss the orc warrior.
The orc warrior is heavily wounded.
The orc warrior hits you with a +0 trident!
You die...

#########
########.......#
#......#.......#
#..@...#.......#
#..o...#.......#
###'####.......#
#..............#
#.......#+####.#####
#.......#...........
#.......+.....#.....
#.......#.....#.....
#.......#.....#.....


You could see an orc warrior.

Vanquished Creatures
  A sky beast (Temple)
  An orc warrior (D:4)
  2 ogres
  A phantom (D:5)
  A wyvern zombie (D:5)
  The ghost of snackwell the Firebug, a weakling DrFE of Fedhas (D:3)
  A centaur zombie (D:5)
  3 hounds
  2 orc priests
  2 centaur skeletons (D:5)
  3 jellies (D:4)
  Jessica (D:2)
  A scorpion zombie (D:3)
  5 orc wizards
  A howler monkey zombie (D:3)
  5 adders
  An adder skeleton (D:4)
  6 worms
  3 dart slugs
  14 orcs
  2 bats (D:2)
  7 endoplasms
  2 giant cockroaches
  6 goblins
  4 hobgoblins
  14 jackals
  8 kobolds
  4 quokkas
  2 ball pythons
  3 frilled lizards
  7 rats
114 creatures vanquished.

Notes
Turn   | Place    | Note
-------+----------+-------------------------------------------
     0 | D:1      | andesha the Draconian Air Elementalist began the quest for
                  | the Orb.
     0 | D:1      | Reached XP level 1. HP: 14/14 MP: 3/3
   552 | D:1      | Reached XP level 2. HP: 20/20 MP: 3/5
   555 | D:1      | Learned a level 2 spell: Static Discharge
  1337 | D:2      | Reached XP level 3. HP: 26/26 MP: 0/6
  1926 | D:2      | Noticed Jessica
  1929 | D:2      | Killed Jessica
  1930 | D:2      | Reached XP level 4. HP: 33/33 MP: 2/8
  2843 | D:2      | Found a faded altar of an unknown god.
  2879 | D:3      | Found Wuvearer's Armour Boutique.
  3364 | D:3      | Found a runed translucent gate.
  3364 | D:3      | Found a runed translucent gate.
  3364 | D:3      | Found a runed translucent gate.
  3364 | D:3      | Noticed snackwell's ghost (weakling DrFE)
  3367 | D:3      | Found a basalt altar of Yredelemnul.
  3389 | D:3      | Reached XP level 5. HP: 25/38 MP: 0/9
  3732 | D:3      | Killed snackwell's ghost
  4179 | D:4      | Reached XP level 6. HP: 24/45 MP: 0/12
  4423 | D:4      | Learned a level 4 spell: Airstrike
  5096 | D:4      | Your scales start taking on a glossy black colour.
  5096 | D:4      | Reached skill level 5 in Air Magic
  5096 | D:4      | Reached XP level 7. HP: 51/51 MP: 5/14
  5096 | D:4      | Gained mutation: You are resistant to electric shocks.
                  | (rElec) [Black Draconian growth]
  5267 | D:5      | Entered Level 5 of the Dungeon
  5282 | D:5      | Reached skill level 5 in Spellcasting
  5924 | D:5      | Found a staircase to the Ecumenical Temple.
  5951 | Temple   | Entered the Ecumenical Temple
  5992 | Temple   | Reached skill level 1 in Short Blades
  5992 | Temple   | Reached XP level 8. HP: 53/58 MP: 17/17
  6074 | Temple   | Became a worshipper of Vehumet
  6710 | D:6      | Slain by an orc warrior

Illustrated notes

Levels and vault maps discovered:
D:1:      matt_arrival_refuge, layout_loops_corners
D:2:      layout_loops_corners, chequers_ecumenical_altar_lobes,
          minmay_close_crescents, uniq_jessica
D:3:      layout_rooms, nicolae_yredelemnul_ghost_church, serial_shops,
          nicolae_shop_waterfront
D:4:      cheibrodos_barr_body, layout_rooms, serial_park_tiny_pond
D:5:      layout_cave_pools, minmay_temple_entry_butterflies,
          chequers_serial_rivers_small_b, kennysheep_generic_room_8
D:6:      layout_gridville, mainiacjoe_overflow_cross_hatched
Temple:   minmay_temple_bridge_abc

Skill      XL: |  1  2  3  4  5  6  7  8 |
---------------+-------------------------+-----
Stealth        | 2 3 |  3.0
Spellcasting   | 3 4 6 |  6.4
Dodging        | 2 |  2.4
Conjurations   | 2 3 4 |  4.1
Air Magic      | 5 6 |  6.2
Short Blades   | 1 |  1.6
Fighting       | |  0.4
Unarmed Combat | |  0.4
Evocations     | |  0.6

Action                   |  1- 3 |  4- 6 |  7- 9 || total
-------------------------+-------+-------+-------++-------
Melee: Unarmed           |    10 |       |       ||    10
       Tailslap          |     5 |     5 |     3 ||    13
       Dagger            |    19 |    47 |    52 ||   118
 Cast: Shock             |    39 |   116 |    47 ||   202
       Static Discharge  |     9 |    33 |    28 ||    70
       Airstrike         |       |       |     4 ||     4
 Abil: Breathe Lightning |       |       |     5 ||     5
Evoke: Wand              |       |     6 |     4 ||    10
  Use: Scroll            |     3 |     7 |     2 ||    12
       Potion            |       |     3 |     1 ||     4
Armor: Skin              |     9 |    33 |    63 ||   105
Dodge: Dodged            |    20 |    49 |    54 ||   123

Table legend: (Time is in decaauts)
 A = Elapsed time spent in this place.
 B = Non-inter-level travel time spent in this place.
 C = Inter-level travel time spent in this place.
 D = Time resting spent in this place.
 E = Time spent auto-exploring this place.
 F = Levels seen in this place.
 G = Mean time per level.
                   A        B        C        D        E       F      G
               +--------+--------+--------+--------+--------+-----+--------+
         Total |   6693 |   6550 |    143 |   1598 |   3751 |   7 |  956.1 |
       Dungeon |   6550 |   6427 |    123 |   1598 |   3751 |   6 | 1091.7 |
        Temple |    143 |    123 |     20 |      0 |      0 |   1 |  143.0 |
               +--------+--------+--------+--------+--------+-----+--------+

Top non-repeatable levels by time:
     D:2: 1660 daAuts
     D:4: 1423 daAuts
     D:1: 1217 daAuts
     D:3: 1118 daAuts
     D:5: 1070 daAuts
  Temple: 143 daAuts
     D:6: 60 daAuts
